AoeStats
← Le_Web

Arabia

510121702Analyzed
1v1 RM · 3d ago on Sep 29, 2026· 17m 36s· 2 players
Game mode
Random Map
Map size
Tiny (2 player)
Population
200
Speed
Normal
Resources
Standard
Victory
Conquest
Starting age
Dark Age
Ending age
Imperial Age
RankedLock teamsTeams togetherTeam positionsShared explorationLock speedFull tech treeHidden civsTurbo modeCheats
Victory
Defeat
🇫🇷 Japanese · France
858
+16
🇪🇸 Spanish · Spain
855
-16
Jalp
7:49 Loom
10:10 Feudal Age
11:07 Double-Bit Axe
11:28 Horse Collar
14:58 Wheelbarrow
Le_Web
10:00 Feudal Age
11:00 Double-Bit Axe
11:06 Man-at-Arms
14:25 Horse Collar
17:43 Wheelbarrow
Connection lost

Rejoining the realm…

Still unreachable

The connection could not be restored.

Session expired

The server has moved on; the page needs a fresh start.